 Dungeon Crawl Stone Soup version 0.30-a0-711-gf4ac18a38d (webtiles) character file.

Game seed: 13268222471102079936

2669 nucleargodhead the Fighter (level 9, -3/89 HPs)
             Began as a Minotaur Berserker on Jan 22, 2023.
             Was a Priest of Trog.
             Slain by a vampire mosquito (8 damage)
             ... on level 7 of the Dungeon.
             The game lasted 00:08:13 (5184 turns).

nucleargodhead the Fighter (Minotaur Berserker)     Turns: 5184, Time: 00:08:13

Health: -3/89      AC: 12    Str: 28    XL:     9   Next: 37%
Magic:  8/8        EV:  8    Int:  4    God:    Trog [***...]
Gold:   284        SH:  0    Dex: 14    Spells: 8/8 levels left

rFire   . . .      SeeInvis .    a - +0 falchion
rCold   . . .      Faith    .    (no shield)
rNeg    . . .      Spirit   .    s - +0 plate armour
rPois   .          Reflect  .    (helmet restricted)
rElec   .          Harm     .    m - +0 cloak
rCorr   .          Rampage  .    (no gloves)
Will    +....                    (no boots) Stlth
                                 D - amulet of regeneration
HPRegen 1.14/turn                w - +6 ring of strength
MPRegen 0.11/turn                y - ring of willpower

@: on berserk cooldown, slowed, very slow
A: horns 2, retaliatory headbutt
a: Renounce Religion, Berserk, Trog's Hand


You were on level 7 of the Dungeon.
You worshipped Trog.
Trog was most pleased with you.
You visited 1 branch of the dungeon, and saw 7 of its levels.

You collected 284 gold pieces.

Inventory:

Hand Weapons
 a - a +0 falchion (weapon)
 k - the +10 sling of Proximity {freeze, Fragile rCorr Str+5}
   (You found it on level 2 of the Dungeon)

   Str:       It affects your strength (+5).
   rCorr:     It protects you from acid and corrosion.
   Fragile:   It will be destroyed if unequipped.
Armour
 b - a +0 animal skin
 d - a +0 ring mail
 m - a +0 cloak (worn)
 n - a +0 ring mail of positive energy
 s - a +0 plate armour (worn)
Jewellery
 w - a +6 ring of strength (left hand)
 y - a ring of willpower (right hand)
 D - an amulet of regeneration (around neck)
 F - a ring of resist corrosion
Scrolls
 c - 9 scrolls of identify {unknown}
 e - a scroll of noise {unknown}
 f - 2 scrolls of amnesia {unknown}
 h - 4 scrolls of enchant armour {unknown}
 p - 3 scrolls of poison {unknown}
 t - a scroll of enchant weapon {unknown}
 u - 2 scrolls of teleportation {unknown}
 v - 3 scrolls of vulnerability {unknown}
 x - 2 scrolls of blinking {unknown}
 z - a scroll of magic mapping {unknown}
 A - a scroll of fear {unknown}
 B - a scroll of brand weapon {unknown}
 E - a scroll of fog {unknown}
Potions
 g - 6 potions of curing {unknown}
 i - a potion of flight {unknown}
 j - 3 potions of mutation {unknown}
 l - a potion of might {unknown}
 o - 3 potions of lignification {unknown}
 r - a potion of ambrosia {unknown}
 C - a potion of invisibility {unknown}


   Skills:
 + Level 11.4 Fighting
 + Level 11.4 Long Blades
 - Level 2.4 Armour
 - Level 2.1 Dodging


You had 8 spell levels left.
You didn't know any spells.
Your spell library was empty.

Dungeon Overview and Level Annotations

Branches:
Dungeon (7/15)             Temple (0/1) D:6

Altars:
Yredelemnul

Annotations:
D:7 2 runed translucent doors, bande's ghost, novice GrFi


Innate Abilities, Weirdness & Mutations

You have a pair of horns on your head.
You reflexively headbutt those who attack you in melee.


Message History

Things that are here:
+0 acid dragon scales; an acid dragon corpse You feel your anger nearly subside.
You are no longer berserk.
You are exhausted.
You feel yourself slow down.
Okay, then.
Unknown command.
Throw: throwing net
Press: ? - help, Q - select action, (/) - cycle Shift-Dir - straight line, f - vampire mosquito
Aim: a vampire mosquito (48% to hit)
You throw a throwing net.
The throwing net misses the vampire mosquito.
The vampire mosquito bites you.
* * * LOW HITPOINT WARNING * * *
The vampire mosquito draws strength from your injuries!
The vampire mosquito closely misses you.
You furiously retaliate!
You headbutt the vampire mosquito. You hit the vampire mosquito.
Your headbutt misses the vampire mosquito.
The vampire mosquito is moderately damaged.
The vampire mosquito bites you but does no damage. x2
You hit the vampire mosquito but do no damage.
The vampire mosquito is moderately damaged.
The vampire mosquito completely misses you.
The vampire mosquito bites you!
* * * LOW HITPOINT WARNING * * *
The vampire mosquito draws strength from your injuries!
You aren't carrying any items that you can evoke.
You hit the vampire mosquito.
The vampire mosquito is lightly damaged.
The vampire mosquito bites you.
* * * LOW HITPOINT WARNING * * *
The vampire mosquito draws strength from your injuries!
The vampire mosquito bites you.
* * * LOW HITPOINT WARNING * * *
The vampire mosquito draws strength from your injuries!
You slash the vampire mosquito! You headbutt the vampire mosquito.
The vampire mosquito is heavily damaged.
The vampire mosquito bites you!
You die...

########..(####....#...#.##.
#........###.....#...#.#.#.#
###.##...###..###....#...#...#
#......###..#..####....#.#.###
####....###...#..#..####....#.#
......###..#...#.#.## ###..#.#
####..# .#...#..# # ####..#
#..# #..#...#.# #..####.# ##
#..# ###...#.@# ##.. #....# .#
#..# ###..#y##.. #..###.## .#
#..# #####.(#.# #.y###....##
.###..# #..####..#..###........
......# #..###(.###...##...##
......# #.....###...#####.##
.####.# #|)..####....## #.# .#
##.# #..###.......# #.# .# #..#
####...##..### #+#


You could see a vampire mosquito.

Vanquished Creatures
  A cyclops (D:7)
  A wraith (D:7)
  A slime creature (D:7)
  An acid dragon (D:7)
  4 water moccasins
  An ice beast (D:4)
  A black bear (D:5)
  2 centaurs (D:7)
  3 bullfrogs
  A necrophage (D:6)
  3 scorpions
  A killer bee (D:7)
  2 howler monkeys (D:7)
  3 hounds
  An orc priest (D:4)
  2 iguanas
  6 adders
  3 gnolls (D:4)
  3 shadow imps
  3 white imps (D:6)
  An ufetubus (D:5)
  A dart slug (D:3)
  5 orcs
  7 ball pythons
  5 bats
  10 endoplasms
  4 giant cockroaches
  8 goblins
  11 hobgoblins
  4 jackals (D:4)
  5 kobolds
  6 quokkas
  4 frilled lizards
  4 rats
118 creatures vanquished.

Vanquished Creatures (others)
  An unseen horror (D:7)
1 creature vanquished.

Grand Total: 119 creatures vanquished

Notes
Turn   | Place    | Note
-------+----------+-------------------------------------------
     0 | D:1      | nucleargodhead the Minotaur Berserker began the quest for
                  | the Orb.
     0 | D:1      | Reached XP level 1. HP: 19/19 MP: 0/0
   156 | D:1      | Reached XP level 2. HP: 27/27 MP: 1/1
   437 | D:1      | Found a faded altar of an unknown god.
   605 | D:2      | Identified the +10 sling of Proximity {freeze, Fragile
                  | rCorr Str+5}
   643 | D:2      | Reached XP level 3. HP: 26/34 MP: 2/2
   749 | D:2      | Reached ** piety under Trog
  1231 | D:3      | Noticed a scorpion
  1240 | D:3      | Killed a scorpion
  1241 | D:3      | Reached skill level 5 in Fighting
  1241 | D:3      | Reached skill level 5 in Long Blades
  1241 | D:3      | Reached XP level 4. HP: 41/42 MP: 3/3
  1541 | D:3      | Found a basalt altar of Yredelemnul.
  1829 | D:4      | Reached XP level 5. HP: 42/48 MP: 4/4
  1993 | D:4      | Noticed an ice beast
  2003 | D:4      | Killed an ice beast
  2113 | D:4      | Reached XP level 6. HP: 57/57 MP: 5/5
  2283 | D:4      | You fall into a shaft and drop 1 floor!
  2283 | D:5      | Entered Level 5 of the Dungeon
  3075 | D:5      | Identified the +1 robe of the Wicked God {rN+ Int+3}
  3101 | D:5      | Reached XP level 7. HP: 61/66 MP: 6/6
  3423 | D:5      | Reached *** piety under Trog
  3772 | D:6      | Found a staircase to the Ecumenical Temple.
  3905 | D:6      | Identified the +1 shortbow "Qimen" {elec, rElec rC++ Int+2
                  | Stlth+}
  4386 | D:7      | Reached XP level 8. HP: 75/75 MP: 7/7
  4797 | D:7      | Found a large runed translucent door.
  4797 | D:7      | Found a large runed translucent door.
  4800 | D:7      | Noticed bande's ghost (novice GrFi)
  4831 | D:7      | Reached skill level 10 in Fighting
  4831 | D:7      | Reached skill level 10 in Long Blades
  4949 | D:7      | Noticed a slime creature
  4962 | D:7      | Killed a slime creature
  5076 | D:7      | Reached XP level 9. HP: 86/86 MP: 8/8
  5151 | D:7      | Noticed a cyclops
  5152 | D:7      | Killed an unseen horror
  5174 | D:7      | Killed a cyclops
  5183 | D:7      | HP: 4/89 [vampire mosquito (2)]
  5184 | D:7      | Slain by a vampire mosquito

Illustrated notes

Levels and vault maps discovered:
D:1:      minmay_arrival_solitary_statue, layout_rooms,
          dilly_ecumenical_altar_fadedgnrine
D:2:      layout_loops_ring
D:3:      layout_rooms, nicolae_overflow_hidden_temple
D:4:      layout_loops_ring
D:5:      corexii_shack_village, layout_loops_ring
D:6:      layout_loops_ring, temple_statues
D:7:      minmay_the_grid_triangle_9x9_rhombus_thin
          [minmay_the_grid_triangle_9x9_zippers_horizontal,
          minmay_the_grid_triangle_9x9_prize_schism,
          minmay_the_grid_triangle_9x9_negative_grid,
          minmay_the_grid_triangle_9x9_longest], layout_loops_corners,
          gammafunk_temple_overflow_statue, ebering_ghost_disaster_area

Skill      XL: |  1  2  3  4  5  6  7  8  9 |
---------------+----------------------------+-----
Fighting       | 4 5 6 7 8 10 11 | 11.4
Long Blades    | 4 5 6 7 8 10 11 | 11.4
Armour         | |  2.4
Dodging        | |  2.1

Action                     |  1- 3 |  4- 6 |  7- 9 || total
---------------------------+-------+-------+-------++-------
  Melee: Falchion          |    80 |   130 |   177 ||   387
         Headbutt          |    10 |    16 |    40 ||    66
         Punch             |       |     1 |     2 ||     3
  Throw: Throwing net      |       |       |     1 ||     1
 Invoke: Berserk           |       |     4 |     3 ||     7
 Armour: Ring mail         |    24 |    21 |       ||    45
         Animal skin       |     1 |       |       ||     1
         Plate armour      |       |    55 |    98 ||   153
  Dodge: Dodged            |    49 |    66 |    59 ||   174

Table legend: (Time is in decaauts)
 A = Elapsed time spent in this place.
 B = Non-inter-level travel time spent in this place.
 C = Inter-level travel time spent in this place.
 D = Time resting spent in this place.
 E = Time spent auto-exploring this place.
 F = Levels seen in this place.
 G = Mean time per level.
                   A        B        C        D        E       F      G
               +--------+--------+--------+--------+--------+-----+--------+
         Total |   5238 |   5094 |    144 |    389 |   3783 |   7 |  748.3 |
       Dungeon |   5238 |   5094 |    144 |    389 |   3783 |   7 |  748.3 |
               +--------+--------+--------+--------+--------+-----+--------+

Top non-repeatable levels by time:
     D:4: 1136 daAuts
     D:7: 882 daAuts
     D:6: 773 daAuts
     D:5: 764 daAuts
     D:2: 622 daAuts
     D:1: 549 daAuts
     D:3: 510 daAuts
